 Dungeon Crawl Stone Soup version 0.14.0-26-g1682e81 (webtiles) character file.

358 Heini the Covered (level 6, -3/56 HPs)
             Began as a Hill Orc Fighter on Apr 26, 2014.
             Killed by divine providence
             ... invoked by an orc priest
              (12 damage)
             ... on Level 4 of the Dungeon.
             The game lasted 00:07:05 (2507 turns).

Heini the Covered (Hill Orc Fighter)                Turns: 2507, Time: 00:07:06

HP  -3/56        AC  8     Str 21      XL: 6   Next:  9%
MP   6/6         EV  7     Int  8      God:
Gold 115         SH 18     Dex 10      Spells:  0 memorised,  5 levels left

rFire  + . .     SeeInvis .     v - +0 war axe
rCold  . . .     Clarity  .     t - +1 ring mail {rF+}
rNeg   . . .     Conserve .     c - +0 shield
rPois  .         rCorr    .     (no helmet)
rElec  .         rRot     .     i - +0 cloak
SustAb + .       Spirit   .     (no gloves)
rMut   +         Warding  .     (no boots)
Saprov + . .     Stasis   .     m - amulet of resist mutation
MR     .....                    (no ring)
                                q - ring of sustain abilities

@: not resistant to hostile enchantments, extremely unstealthy
A: saprovore 1
a: Convert to Beogh


You were on level 4 of the Dungeon.
You were not hungry.

You visited 1 branch of the dungeon, and saw 4 of its levels.

You collected 115 gold pieces.

Inventory:

Hand weapons
 v - a +0,+0 war axe (weapon)
Armour
 c - a +0 shield (worn)
 i - a +0 cloak (worn)
 t - a +1 ring mail of fire resistance (worn)
Comestibles
 a - a choko
 d - 2 meat rations
 h - 2 rotting chunks of orc flesh
 j - an apricot
 l - a lychee
Scrolls
 g - 2 scrolls of remove curse
 k - a scroll of fear {unknown}
 n - a scroll of fog {unknown}
 o - 2 scrolls of immolation {unknown}
 p - 3 scrolls of teleportation {unknown}
Jewellery
 m - an amulet of resist mutation (around neck)
 q - a ring of sustain abilities (left hand)
 s - a +4 ring of protection {unknown}
Potions
 b - a potion of heal wounds {unknown}
 e - a potion of berserk rage {unknown}
 f - 2 potions of curing {unknown}
 r - a potion of brilliance {unknown}


   Skills:
 * Level 5.1 Fighting
 * Level 4.9 Axes
 * Level 5.4 Armour
 - Level 3.2 Shields


You had 5 spell levels left.
You didn't know any spells.

Dungeon Overview and Level Annotations

Branches:
Dungeon (4/15)
 Temple: D:4-7

Altars:


Innate Abilities, Weirdness & Mutations

You can tolerate rotten meat.


Message History

An orc comes into view. It is wielding a club.
The orc shouts!
You hit the orc but do no damage. You block the orc's attack.
You hit the orc but do no damage. You block the orc's attack.
You slash the orc!
The orc is severely wounded.
The orc hits you but does no damage.
You hit the orc.
You kill the orc!
An orc priest comes into view.
The orc priest shouts, "Beogh is our master!
Accept the truth or die!"
The orc priest shouts! x2
Items here: % )) [[ a club; a scale mail; an orc corpse; a dagger; a robe The orc priest invokes the aid of Beogh against you.
Something smites you!
You stop butchering the corpse.
* * * LOW HITPOINT WARNING * * *
The orc priest mumbles some strange prayers to Beogh against you.
Something smites you!
You die...

#...# ##. #...# #..
#...# #.# ##...# #.#
#####....# #.. ..#####o#
#.# #.# #o#
#.#####.#####.########
###...........@.>.......
#.......#.....).......#.
#.#.)#..#.#####.###...#
#.#...#.#.# #.# .##
#.##.##.#.# #.# #
#.##.##.#.# #.#
#.##.##.#.# #.#
###.##.##.#.# #.#
....##[#..#.# #.#


You could see 2 orc priests.

Vanquished Creatures
  A giant frog (D:3)
  An orc priest (D:4)
  2 orc wizards
  Terence (D:2)
  2 adders
  4 giant geckos
  14 orcs
  2 giant cockroaches (D:3)
  6 hobgoblins
  2 quokkas
  A ball python (D:2)
  7 bats
  A giant newt (D:3)
  5 goblins
  5 kobolds
  5 rats
59 creatures vanquished.

Notes
Turn   | Place    | Note
--------------------------------------------------------------
     0 | D:1      | Heini, the Hill Orc Fighter, began the quest for the Orb.
     0 | D:1      | Reached XP level 1. HP: 19/19 MP: 1/1
   130 | D:1      | Reached XP level 2. HP: 14/27 MP: 2/2
   593 | D:2      | Noticed Terence
   614 | D:2      | Killed Terence
   614 | D:2      | Reached skill level 4 in Fighting
   614 | D:2      | Reached XP level 3. HP: 23/33 MP: 3/3
  1195 | D:3      | Reached XP level 4. HP: 40/40 MP: 4/4
  1296 | D:3      | Noticed an ice beast
  1993 | D:3      | Reached XP level 5. HP: 47/47 MP: 5/5
  2156 | D:3      | Noticed a giant frog
  2166 | D:3      | Killed a giant frog
  2166 | D:3      | Reached skill level 5 in Armour
  2477 | D:4      | Reached skill level 5 in Fighting
  2481 | D:4      | Reached XP level 6. HP: 16/56 MP: 6/6
  2507 | D:4      | Killed from afar by an orc priest

Action                   |  1- 3 |  4- 6 || total
-------------------------+-------+-------++-------
Melee: War axe           |   103 |   102 ||   205
  Use: Potion            |     1 |       ||     1
       Scroll            |       |     3 ||     3
